 Dungeon Crawl Stone Soup version 0.13-a0-2538-gc238810 (webtiles) character file.

278 Psiweapon the Ducker (level 5, 0/27 HPs)
             Began as a Spriggan Abyssal Knight on July 28, 2013.
             Was a Believer of Lugonu.
             Succumbed to poison (a potion of poison)
             ... on Level 3 of the Dungeon.
             The game lasted 00:13:41 (2041 turns).

Psiweapon the Ducker (Spriggan Abyssal Knight)      Turns: 2041, Time: 00:13:41

HP   0/27        AC  2     Str  9      XL: 5   Next: 11%
MP  11/11        EV 21     Int 18      God: Lugonu [**....]
Gold 127         SH  0     Dex 16      Spells:  0 memorised,  4 levels left

Res.Fire  : . . .   See Invis. : +   a - +2 short sword
Res.Cold  : . . .   Warding    : .   b - +0 robe
Life Prot.: . . .   Conserve   : .   (shield restricted)
Res.Poison: .       Res.Corr.  : .   (helmet restricted)
Res.Elec. : .       Clarity    : .   (no cloak)
Sust.Abil.: . .     Spirit.Shd : .   (gloves unavailable)
Res.Mut.  : .       Stasis     : .   (boots unavailable)
Res.Rott. : .       Flight     : .   (no amulet)
Saprovore : . . .                    (no ring)
                                     (no ring)

@: brilliant, mildly poisoned, very quick, somewhat resistant to hostile
enchantments, quite stealthy
A: unfitting armour, see invisible, herbivore 3, speed 3, slow metabolism 2
a: Depart the Abyss, Bend Space, Renounce Religion


You were on level 3 of the Dungeon.
You worshipped Lugonu.
Lugonu was greatly pleased with you.
You were not hungry.

You visited 1 branch of the dungeon, and saw 3 of its levels.
You visited the Abyss 1 time.

You collected 107 gold pieces.

Inventory:

Hand weapons
 a - a +2,+2 short sword (weapon)
 r - a +0,+0 dagger
Missiles
 o - 44 stones (quivered)
Armour
 b - a +0 robe (worn)
Scrolls
 d - 2 scrolls of fear {unknown}
 e - a scroll of enchant weapon II {unknown}
 f - 2 scrolls of teleportation {unknown}
 g - 2 scrolls of remove curse {unknown}
 i - 2 scrolls of recharging {unknown}
 l - a scroll of magic mapping {unknown}
 m - 5 scrolls of identify {unknown}
 n - a scroll of amnesia {unknown}
 q - 2 scrolls of curse jewellery {unknown}
Potions
 c - a potion of porridge


   Skills:
 - Level 2.4 Fighting
 - Level 2.1 Short Blades
 + Level 6.3 Dodging
 + Level 5.0 Stealth
 - Level 1.7 Invocations


You had 4 spell levels left.
You didn't know any spells.

Dungeon Overview and Level Annotations

Branches:
Dungeon (3/27)

Altars:
Yredelemnul


Innate Abilities, Weirdness & Mutations

You are tiny and cannot use many weapons and most armour.
You have supernaturally acute eyesight.
You are a herbivore.
You cover ground extremely quickly.
You need consume almost no food.


Message History

Things that are here:
a shiny orcish scale mail; an orc corpse Drink which item? (? for menu, Esc to quit)
You feel more clever all of a sudden.
It was a potion of brilliance.
Drink which item? (? for menu, Esc to quit)
There was something very wrong with that liquid!
You feel clumsy.
It was a potion of degeneration.
* * * LOW HITPOINT WARNING * * *
You feel sick.
Drink which item? (? for menu, Esc to quit)
You feel your dexterity returning.
It was a potion of restore abilities.
Drink which item? (? for menu, Esc to quit)
That liquid tasted very nasty...
You are more poisoned.
It was a potion of poison.
* * * LOW HITPOINT WARNING * * *
You feel sick.
You feel a little better.
You die...

#.#####..S...#
#.# .###. #)# ..
#(# ## #(# #(#
#(# #.# #@#
##.#####.#
#........#
#..######### ...
#..............#
#..#..######.#.#
#.....# ##.#.#
#.#.#.# #..#.#
#.#.#<# #.##.#


There were no monsters in sight!

Vanquished Creatures
  The ghost of disskorpion the Insei, a weakling DsMo (D:3)
  7 adders
  2 worms
  7 orcs (D:3)
  3 giant cockroaches (D:1)
  6 hobgoblins
  A ball python (D:1)
  4 bats
  A giant newt (D:2)
  4 goblins (D:1)
  4 jackals (D:2)
  5 kobolds
  A quokka (D:2)
  11 rats
57 creatures vanquished.

Notes
Turn   | Place    | Note
--------------------------------------------------------------
     0 | Abyss:1  | Psiweapon, the Spriggan Abyssal Knight, began the quest for the Orb.
     0 | Abyss:1  | Reached XP level 1. HP: 11/11 MP: 2/2
    22 | Abyss:1  | Noticed a starcursed mass
    67 | Abyss:1  | Noticed a hell hog
    67 | Abyss:1  | Noticed a small abomination
    68 | Abyss:1  | Noticed a hell hog
    69 | Abyss:1  | Noticed a hell hog
    70 | D:1      | Escaped the Abyss
   154 | D:1      | Reached skill level 1 in Stealth
   180 | D:1      | Acquired Lugonu's first power
   193 | D:1      | Reached skill level 4 in Dodging
   243 | D:1      | Reached XP level 2. HP: 13/15 MP: 4/4
   704 | D:2      | Reached XP level 3. HP: 15/18 MP: 6/6
   846 | D:2      | Reached skill level 5 in Dodging
   900 | D:2      | Acquired Lugonu's second power
  1212 | D:2      | Reached XP level 4. HP: 21/23 MP: 9/9
  1407 | D:2      | Found a basalt altar of Yredelemnul.
  1817 | D:3      | Noticed disskorpion's ghost (weakling DsMo)
  1838 | D:3      | Killed disskorpion's ghost
  1838 | D:3      | Reached skill level 6 in Dodging
  1970 | D:3      | Reached XP level 5. HP: 23/27 MP: 11/11
  2033 | D:3      | Reached skill level 5 in Stealth
  2039 | D:3      | HP: 1/27 [poison (a potion of poison)]
  2041 | D:3      | Succumbed to poison (a potion of poison)

Action                   |  1- 3 |  4- 6 || total
-------------------------+-------+-------++-------
Melee: Short sword       |   102 |   129 ||   231
Throw: Stone             |       |    11 ||    11
       Dagger            |       |     4 ||     4
Invok: Depart the Abyss  |     1 |       ||     1
  Use: Potion            |       |     4 ||     4
 Stab: Sleeping          |     2 |     3 ||     5
       Distracted        |     1 |       ||     1
